 Dungeon Crawl Stone Soup version 0.26-a0-365-g11c2b627af (webtiles) character file.

Game seed: 16028254486173157658

1475463 Avarice the Conqueror (level 27, -3/159 HPs)
             Began as a Gargoyle Gladiator on July 18, 2020.
             Was the Champion of the Shining One.
             Slain by a tentacled monstrosity (4 damage)
             ... while paralysed by accursed screaming
             ... on level 3 of the Abyss on July 19, 2020.
             The game lasted 09:48:28 (198321 turns).

Avarice the Conqueror (Gargoyle Gladiator)        Turns: 198321, Time: 09:48:29

Health: -3/159     AC: 65    Str: 30 (31) XL:     27
Magic:  41/41      EV: -1    Int: 14 (15) God:    the Shining One [******]
Gold:   9615       SH:  0    Dex: 11      Spells: 65/65 levels left

rFire    + + +     SeeInvis +   f - +9 eveningstar (holy)
rCold    + + +     Faith    .   v - +0 kite shield of the Ecumenical Temple {+Fly Regen+ Str-4}
rNeg     + + +     Spirit   .   T - +12 gold dragon scales
rPois    ∞         Reflect  +   w - +2 hat "Etoarol" {rF- rC++}
rElec    +         Harm     .   R - +2 cloak {rCorr}
rCorr    +         Rnd*Rage +   t - +1 pair of gloves of Okawaru's Envy {MR+ MP+9 Stlth+}
MR       +++..     Rnd*Tele +   d - +0 pair of boots of Decaying Joy {rF+ rN+ Str+5}
Stlth    ..........             j - amulet of Light {Reflect rN++ SH+5}
HPRegen  0.00/turn              y - ring "Bozinger" {Wiz rC+ Str+4 Dex+2}
MPRegen  0.27/turn              a - ring of Ivvyubb {+Fly rF++ Str+3 Int+6 SInv}

@: paralysed, mighty, berserk cooldown, flying, hasted and slowed, glowing,
constricted, silenced
A: big wings, berserk 1[+1], blurry vision 3, clumsy 1, deformed body,
deterioration 2, dopey 1[+1], fire resistance 1, frail 1[+1], low mp 3, negative
energy resistance 1, [screaming 1], electricity resistance, [inhibited
regeneration], teleportitis 1[+2], [weak 2], unbreathing, petrification
resistance, no potion heal 1[+2], rot immunity, AC +20
}: 12/15 runes: decaying, silver, iron, obsidian, icy, bone, demonic, glowing,
magical, fiery, dark, gossamer
a: Stop Flying, Renounce Religion


You were on level 3 of the Abyss.
You worshipped the Shining One.
The Shining One was exalted by your worship.
You visited 17 branches of the dungeon, and saw 84 of its levels.
You visited Pandemonium 2 times, and saw 22 of its levels.
You visited the Abyss 4 times.
You also visited: Sewer and Ice Cave.

You collected 16337 gold pieces.
You spent 6722 gold pieces at shops.

Inventory:

Hand Weapons
 f - a +9 eveningstar of holy wrath (weapon)
 F - the +3 flail of Calamity {distort, Dex+2}
   (You took it off a vault warden on level 5 of the Vaults)

   It warps and distorts space around it.
   Unwielding it can cause banishment or high damage.
   It affects your dexterity (+2).
Missiles
 m - 18 silver javelins (quivered)
Armour
 d - the +0 pair of boots of Decaying Joy (worn) {rF+ rN+ Str+5}
   (Okawaru gifted it to you on level 13 of the Dungeon)

   It affects your strength (+5).
   It protects you from fire.
   It protects you from negative energy.
 k - the +0 pair of gloves "Soolo" {MR+ Int+2}
   (You acquired it on level 3 of the Abyss)

   It affects your intelligence (+2).
   It affects your resistance to hostile enchantments.
 t - the +1 pair of gloves of Okawaru's Envy (worn) {MR+ MP+9 Stlth+}
   (Okawaru gifted it to you on level 1 of Tartarus)

   It affects your resistance to hostile enchantments.
   It affects your magic capacity (+9).
   It makes you more stealthy.
 u - a scarf of repulsion
 v - the +0 kite shield of the Ecumenical Temple (worn) {+Fly Regen+ Str-4}
   (Okawaru gifted it to you on level 1 of Tartarus)

   It affects your strength (-4).
   It lets you fly.
   It increases your rate of regeneration.
 w - the +2 hat "Etoarol" (worn) {rF- rC++}
   (You acquired it on level 15 of the Dungeon)

   It makes you vulnerable to fire.
   It greatly protects you from cold.
 G - a +0 tower shield of reflection
 R - a +2 cloak of preservation (worn)
 T - +12 gold dragon scales (worn)
Jewellery
 a - the ring of Ivvyubb (right hand) {+Fly rF++ Str+3 Int+6 SInv}
   (You bought it in a shop on level 5 of the Depths)

   [ring of intelligence]

   It affects your strength (+3).
   It affects your intelligence (+6).
   It greatly protects you from fire.
   It lets you see invisible.
   It lets you fly.
 j - the amulet of Light (around neck) {Reflect rN++ SH+5}
   (You bought it in a shop on level 2 of the Depths)

   [amulet of reflection]

   It shields you and reflects attacks.
   It greatly protects you from negative energy.
   It affects your SH (+5).
 s - the ring of Pucs {rC- MR++ SInv}
   (You bought it in a shop on level 5 of the Depths)

   [ring of see invisible]

   It makes you vulnerable to cold.
   It affects your resistance to hostile enchantments.
   It lets you see invisible.
 y - the ring "Bozinger" (left hand) {Wiz rC+ Str+4 Dex+2}
   (You found it on level 4 of the Dungeon)

   [ring of wizardry]

   It improves your spell success rate.
   It affects your strength (+4).
   It affects your dexterity (+2).
   It protects you from cold.
 z - the ring of the Leaf {*Slow rPois rC++ Slay+4 Stlth+}
   (You acquired it on level 7 of Gehenna)

   [ring of slaying]

   It affects your accuracy and damage with ranged weapons and melee attacks
   (+4).
   It greatly protects you from cold.
   It protects you from poison.
   It may slow you when you take damage.
   It makes you more stealthy.
 H - the amulet of Suheotab {+Blink rN++ MR+ Regen+ Str-3}
   (You took it off a vault guard on level 5 of the Vaults)

   [amulet of regeneration]

   It affects your strength (-3).
   It greatly protects you from negative energy.
   It affects your resistance to hostile enchantments.
   It lets you blink.
   It increases your rate of regeneration.
Wands
 E - a wand of digging (16)
Scrolls
 b - 41 scrolls of teleportation
 c - 3 scrolls of magic mapping
 h - 6 scrolls of noise
 i - 48 scrolls of remove curse
 n - 37 scrolls of identify
 o - 13 scrolls of blinking
 p - 6 scrolls of amnesia
 r - 13 scrolls of fog
 x - 8 scrolls of fear
 C - 6 scrolls of silence
 I - a scroll of summoning
 K - 8 scrolls of holy word
 W - 3 scrolls of enchant weapon
Potions
 e - 7 potions of cancellation
 g - 8 potions of magic
 l - 4 potions of might
 q - 2 potions of haste
 A - 33 potions of curing
 B - 4 potions of heal wounds
 J - 5 potions of brilliance
 L - 4 potions of resistance
 P - 21 potions of ambrosia
 V - 4 potions of berserk rage
 X - a potion of mutation
Miscellaneous
 D - 6 phantom mirrors


   Skills:
 O Level 27 Fighting
 O Level 27 Maces & Flails
 O Level 27 Throwing
 O Level 27 Armour
 O Level 27 Dodging
 O Level 27 Shields
 - Level 8.0 Unarmed Combat
 + Level 19.6 Spellcasting
 O Level 27 Invocations
 O Level 27 Evocations


You had 65 spell levels left.
You didn't know any spells.
Your spell library contained the following spells:

 Spells                   Type           Power        Failure   Level
 Animate Skeleton         Necr           ##....       9%          1
 Apportation              Tloc           ##....       9%          1
 Beastly Appendage        Tmut           ##....       9%          1
 Corona                   Hex            ##.....      9%          1
 Foxfire                  Conj/Fire      ##..         9%          1
 Freeze                   Ice            ##..         9%          1
 Magic Dart               Conj           ##..         9%          1
 Pain                     Necr           ##..         9%          1
 Sandblast                Erth           ##....       9%          1
 Shock                    Conj/Air       ##..         9%          1
 Sting                    Tmut/Pois      ##..         9%          1
 Summon Small Mammal      Summ           ##..         9%          1
 Blink                    Tloc           N/A          12%         2
 Call Imp                 Summ           ##......     12%         2
 Corpse Rot               Necr/Air       N/A          12%         2
 Ensorcelled Hibernation  Hex/Ice        ##....       12%         2
 Passwall                 Tmut/Erth      ##......     12%         2
 Poisonous Vapours        Pois/Air       ##....       12%         2
 Slow                     Hex            ##......     12%         2
 Swiftness                Air            ##......     12%         2
 Wereblood                Tmut           ##......     12%         2
 Call Canine Familiar     Summ           ##......     24%         3
 Confusing Touch          Hex            ##......     24%         3
 Conjure Flame            Conj/Fire      ##......     24%         3
 Dazzling Flash           Conj/Hex       ##....       24%         3
 Frozen Ramparts          Ice            ##....       24%         3
 Gell's Gravitas          Tloc           ##........   24%         3
 Ignite Poison            Fire/Tmut/Pois ##......     24%         3
 Lesser Beckoning         Tloc           ##........   24%         3
 Mephitic Cloud           Conj/Pois/Air  ##......     24%         3
 Ozocubu's Armour         Ice            ##......     24%         3
 Portal Projectile        Hex/Tloc       ##....       24%         3
 Spider Form              Tmut/Pois      ##........   24%         3
 Static Discharge         Conj/Air       ##......     24%         3
 Stone Arrow              Conj/Erth      ##....       24%         3
 Teleport Other           Tloc           ##......     24%         3
 Tukima's Dance           Hex            ##......     24%         3
 Vampiric Draining        Necr           ##........   24%         3
 Airstrike                Air            ##........   58%         4
 Animate Dead             Necr           ##........   58%         4
 Cause Fear               Hex            ##........   58%         4
 Dispel Undead            Necr           ##......     58%         4
 Fulminant Prism          Conj/Hex       ##........   58%         4
 Hailstorm                Conj/Ice       ##......     58%         4
 Ice Form                 Ice/Tmut       ##......     58%         4
 Leda's Liquefaction      Hex/Erth       ##........   58%         4
 Olgreb's Toxic Radiance  Pois           ##......     58%         4
 Passage of Golubria      Tloc           N/A          58%         4
 Petrify                  Tmut/Erth      ##......     58%         4
 Sticky Flame             Conj/Fire      ##......     58%         4
 Summon Ice Beast         Ice/Summ       ##......     58%         4
 Summon Lightning Spire   Summ/Air       ##......     58%         4
 Agony                    Necr           ##......     89%         5
 Alistair's Intoxication  Tmut/Pois      ##......     89%         5
 Blade Hands              Tmut           ##........   89%         5
 Bolt of Magma            Conj/Fire/Erth ##........   89%         5
 Borgnjor's Vile Clutch   Necr/Erth      ##........   89%         5
 Excruciating Wounds      Necr           ##........   89%         5
 Iskenderun's Battlesphe  Conj           ##......     89%         5
 Lee's Rapid Deconstruct  Erth           ##........   89%         5
 Lightning Bolt           Conj/Air       ##........   89%         5
 Metabolic Englaciation   Hex/Ice        ##........   89%         5
 Silence                  Hex/Air        ##........   89%         5
 Summon Demon             Summ           ##........   89%         5
 Summon Forest            Summ/Tloc      ##........   89%         5
 Summon Mana Viper        Hex/Summ       ##......     89%         5
 Yara's Violent Unravell  Hex/Tmut       ##........   89%         5
 Conjure Ball Lightning   Conj/Air       ##........   100%        6
 Death Channel            Necr           ##........   100%        6
 Dispersal                Tloc           ##........   100%        6
 Freezing Cloud           Conj/Ice/Air   ##........   100%        6
 Invisibility             Hex            ##......     100%        6
 Iron Shot                Conj/Erth      ##........   100%        6
 Ozocubu's Refrigeration  Ice            ##........   100%        6
 Shadow Creatures         Summ           N/A          100%        6
 Simulacrum               Ice/Necr       ##........   100%        6
 Starburst                Conj/Fire      ##........   100%        6
 Dragon Form              Tmut           ##........   100%        7
 Malign Gateway           Summ/Tloc      ##........   100%        7
 Monstrous Menagerie      Summ           ##........   100%        7
 Orb of Destruction       Conj           ##........   100%        7
 Spellforged Servitor     Conj/Summ      ##........   100%        7
 Summon Greater Demon     Summ           ##........   100%        7
 Summon Hydra             Summ           ##........   100%        7
 Controlled Blink         Tloc           N/A          100%        8
 Discord                  Hex            ##........   100%        8
 Disjunction              Tloc           ##........   100%        8
 Ignition                 Fire           ##........   100%        8
 Summon Horrible Things   Summ           ##........   100%        8
 Dragon's Call            Summ           ##........   100%        9
 Shatter                  Erth           ##........   100%        9
 Tornado                  Air            ##........   100%        9
 Sublimation of Blood     Necr           Unusable     N/A         2
 Statue Form              Tmut/Erth      Unusable     N/A         6

Dungeon Overview and Level Annotations

Branches:
Dungeon (15/15)            Temple (1/1) D:7            Lair (6/6) D:10
  Swamp (4/4) Lair:3       Spider (4/4) Lair:4        Slime (0/5) Lair:6
    Orc (2/2) D:9             Elf (3/3) Orc:2        Vaults (5/5) D:13
  Crypt (3/3) Vaults:2       Tomb (2/3) Crypt:3      Depths (5/5) D:15
   Hell (visited)             Dis (7/7) Hell            Geh (7/7) Hell
    Coc (7/7) Hell            Tar (7/7) Hell            Zot (5/5) Depths:5
  Sewer (visited)           IceCv (visited)

Altars:
Ashenzari
Cheibriados
Dithmenos
Elyvilon
Fedhas
Gozag
Hepliaklqana
Kikubaaqudgha
Makhleb
Nemelex Xobeh
Okawaru
Qazlal
Ru
Sif Muna
Trog
Uskayaw
Vehumet
Wu Jian
Xom
Yredelemnul
Zin
The Shining One
Beogh
Jiyva

Shops:
D:8 =   D:11 }   D:14 *   Orc:2 (?[}   Vaults:1 *([   Vaults:2 *   Vaults:3 ((
Vaults:5 [[   Depths:2 ![=[   Depths:5 =}=

Portals:
Hell: Depths:1 Depths:2 Depths:3 Depths:4 Depths:5
Abyss: Depths:4 Depths:5
Pandemonium: Depths:3
Ziggurat: Depths:2
Trove: Depths:5 (give 13 potions of heal wounds)

Annotations:
Depths:5 the Enchantress
Zot:5 7 runed doors
Abyss:3 1 transporter


Innate Abilities, Weirdness & Mutations

You are resistant to torment.
Your stone body is resilient. (AC +20)
You are immune to poison.
Your large and strong wings let you fly indefinitely.
You resist negative energy. (rN+)
You are resistant to electric shocks. (rElec)
You can survive without breathing.
You are immune to petrification.
You are immune to rotting.
Scrolls take you much longer to read.
You are clumsy. (Dex -2)
Armour fits poorly on your strangely shaped body.
Your body often deteriorates upon taking damage.
Your flesh is heat resistant. (rF+)
Your magical capacity is extremely low. (-30% MP)
[You often lose your temper in combat.]
[You are very dopey. (Int -4)]
[You are very frail. (-20% HP)]
[You occasionally shout uncontrollably at your foes.]
[You do not regenerate when monsters are visible.]
[You are often teleported next to monsters.]
[You are very weak. (Str -4)]
[Potions cannot restore your health.]


Message History

You block the starcursed mass's attack.
The starcursed mass engulfs you but does no damage.
You block the hellwing's attack. The hellwing barely misses you.
You impale the starcursed mass!!
You destroy the starcursed mass!
The starcursed mass engulfs you but does no damage.
The tentacled monstrosity tentacle-slaps you but does no damage.
You block the tentacled monstrosity's attack. x2
* * * LOW HITPOINT WARNING * * *
The tentacled monstrosity constricts you.
A cacophony of accursed wailing tears at your sanity!
* * * LOW HITPOINT WARNING * * *
You suddenly lose the ability to move!
The starcursed mass engulfs you but does no damage. x2
The deep troll changes into an eye of devastation!
The starcursed mass engulfs you but does no damage. x2
The hellwing hits you but does no damage. x2
The starcursed mass engulfs you but does no damage.
The tentacled monstrosity tentacle-slaps you.
You die... ..### . .. # . #.##.. #...# 4©## ###=x.##...###..# . #XXX.##©##.... ###.XX###...###. #X.XX...## ##GGX..# # #XXXX.#

# .# ##X4@*.# #
#..XXX..# . .
#...###...#
#=...##G##....#
#
#...##34Q###./#
##=| #.W.# ##
### ..... .....
.#. ..#


You could see 15 starcursed masses, a tentacled monstrosity, a wretched star, a
great orb of eyes, an eye of devastation shaped shifter, a large abomination, a
hellwing, a silent spectre (silencing), a smoke demon, a chaos spawn, a small
abomination, a tengu and a floating eye shaped shifter.

Vanquished Creatures
  Cerebov (Pan)
  Antaeus (Coc:7)
  Asmodeus (Geh:7)
  Ereshkigal (Tar:7)
  Gloorx Vloq (Pan)
  Lom Lobon (Pan)
  the Serpent of Hell (Geh:7)
  Mnoleg (Pan)
  7 ancient liches
  Mara (Swamp:3)
  Dispater (Dis:7)
  Mennas (Pan)
  2 orbs of fire
  9 pandemonium lords (Pan)
  2 juggernauts
  Sojobo (Depths:5)
  4 greater mummies
  Frederick (Crypt:2)
  Boris (Tomb:1)
  2 shard shrikes
  Xtahua (Vaults:4)
  4 Killer Klowns
  2 caustic shrikes
  4 curse toes
  Geryon (Hell)
  11 golden dragons
  17 Brimstone Fiends
  Arachne (Spider:4)
  69 bone dragons
  94 doom hounds
  2 electric golems (Zot:1)
  332 Tzitzimimeh
  11 iron giants
  2 hellephants (Pan)
  14 tentacled monstrosities
  11 Ice Fiends
  13 Hell Sentinels
  Rupert (Lair:3)
  Jorgrun (Orc:2)
  5 deep elf master archers
  35 titans
  2 acid blobs (Lair:6)
  5 deep elf blademasters
  6 quicksilver dragons
  22 liches
  27 Executioners
  Kirke (D:15)
  53 shadow dragons
  10 tengu reavers
  5 thorn hunters
  14 sphinxes
  5 tentacled starspawn
  14 ancient champions
  22 storm dragons
  Donald (Swamp:3)
  8 draconian monks
  7 death cobs
  2 daevas (Pan)
  6 revenants
  9 deep elf sorcerers
  21 frost giants
  16 fire giants
  7 ghost moths
  5 emperor scorpions
  5 draconian scorchers
  13 warmongers (Pan)
  3 draconian knights
  6 draconian shifters
  8 iron dragons
  12 vault wardens
  5 deep elf elementalists
  39 balrugs
  A caustic shrike zombie (Depths:1)
  24 cacodemons
  4 curse skulls
  3 angels
  7 ghouls
  17 ironheart preservers
  3 spriggan defenders
  160 reapers
  16 blood saints (Pan)
  21 stone giants
  2 elemental wellsprings (Coc:7)
  6 black draconians
  An entropy weaver (Vaults:4)
  4 draconian annihilators
  An apis (Pan)
  26 vampire knights
  28 very ugly things
  12 war gargoyles
  13 corrupters (Pan)
  Azrael (D:15)
  9 green draconians
  4 dire elephants
  18 lorocyprocas
  11 deep elf demonologists
  9 black suns (Pan)
  10 white draconians
  9 yellow draconians
  11 red draconians
  20 deep elf annihilators
  5 purple draconians
  5 spark wasps
  22 blizzard demons
  14 mummy priests
  13 green deaths (Pan)
  12 ettins
  12 deep elf death magi
  3 death oozes (Crypt:3)
  8 fire dragons
  15 yaktaur captains
  4 eidola
  19 jiangshi
  18 quicksilver dragon zombies
  10 deep elf high priests
  A kraken zombie (Coc:3)
  The ghost of Puplesowi the Imperceptible, a journeyman FeEn of Dithmenos (Spider:2)
  14 rakshasas
  13 great orbs of eyes
  Erolcha (Orc:2)
  Fannar (Lair:3)
  Harold (D:8)
  A hydra (shapeshifter) (Vaults:5)
  31 vault guards
  An ice dragon (shapeshifter) (Depths:3)
  11 spriggan air magi
  12 monstrous demonspawn (Pan)
  28 hydras
  A hell beast (Pan)
  11 quicksilver dragon skeletons
  6 death knights
  2 catoblepae
  21 ice dragons
  14 ghost crabs
  10 ogre magi
  An anaconda (shapeshifter) (Vaults:5)
  24 dancing weapons
  15 alligators
  11 centaur warriors
  7 shambling mangroves
  2 hell hogs (Hell)
  25 two-headed ogres
  59 death scarabs
  11 deep troll shamans
  11 deep troll earth magi
  4 spriggan berserkers
  5 tengu warriors
  31 vampire magi
  66 soul eaters
  2 thrashing horrors
  15 titan zombies
  65 hell knights
  7 iron golems
  29 deep elf knights
  2 orc high priests
  7 spriggans
  56 sun demons
  14 storm dragon zombies
  Nergalle (Orc:2)
  17 iron trolls
  A fire crab (shapeshifter) (Vaults:5)
  2 spatial maelstroms
  10 golden dragon zombies
  4 wretched stars
  15 titan skeletons
  25 sixfirhies
  8 death drakes
  18 shadow wraiths
  A cherub (Pan)
  494 skeletal warriors
  A swamp dragon (shapeshifter) (Vaults:4)
  22 flayed ghosts
  10 anaconda zombies
  7 gelid demonspawn (Pan)
  16 storm dragon skeletons
  94 shadow demons
  A sea snake (shapeshifter) (Elf:1)
  2 ghost moth zombies
  46 large abominations
  10 swamp dragons
  A spriggan druid (Swamp:4)
  11 wizards
  7 infernal demonspawn (Pan)
  16 torturous demonspawn (Pan)
  6 unseen horrors
  6 glowing orange brains
  37 deep trolls
  6 golden dragon skeletons
  7 shadow dragon zombies
  11 wolf spider zombies
  24 necromancers
  63 phantasmal warriors
  Pikel (D:5)
  A lindwurm (Lair:5)
  20 ironbrand convokers
  18 anaconda skeletons
  4 harpies
  31 deep elf archers
  11 orc knights
  14 orb spiders
  13 orc sorcerers
  36 ugly things
  2 oklob plants
  9 iron dragon zombies
  19 shadow dragon skeletons
  28 wolf spiders
  2 manticores (D:15)
  15 stone giant zombies
  86 deep elf magi
  A mana viper (shapeshifter) (Depths:3)
  A manticore (shapeshifter) (Vaults:3)
  14 fire giant zombies
  6 cyclopes
  10 iron dragon skeletons
  17 frost giant zombies
  A salamander (shapeshifter) (Elf:2)
  27 moths of wrath
  22 fire giant skeletons
  A worldbinder (Abyss:3)
  7 elephants
  A moth of wrath (shapeshifter) (Vaults:2)
  5 shock serpent zombies
  15 stone giant skeletons
  3 apocalypse crabs
  21 vault sentinels
  6 black mambas
  16 frost giant skeletons
  10 dire elephant zombies
  7 centaur skeletons
  21 orange demons (Pan)
  24 rust devils
  An eye of devastation (Abyss:4)
  2 naga magi (D:15)
  3 gargoyles
  A guardian serpent (Lair:6)
  6 torpor snails
  6 centaur zombies
  Psyche (D:11)
  2 ice statues (IceCv)
  52 smoke demons
  18 dire elephant skeletons
  4 emperor scorpion zombies
  3 molten gargoyles
  24 rime drakes
  28 cane toads
  A shock serpent skeleton (Tar:1)
  Maggie (D:7)
  A storm dragon simulacrum (Coc:7)
  50 yaktaurs
  A green draconian zombie (Tar:1)
  6 catoblepas zombies
  A white draconian zombie (Tar:1)
  An anaconda simulacrum (Coc:7)
  A ghost moth simulacrum (Coc:7)
  7 komodo dragons
  63 hellions
  71 freezing wraiths
  A yaktaur (shapeshifter) (D:14)
  88 tormentors
  12 efreet
  20 guardian mummies
  17 hydra zombies
  27 silent spectres
  35 ice devils
  3 tengu conjurers
  A polar bear (shapeshifter) (Depths:3)
  10 polar bears
  A black draconian skeleton (Crypt:1)
  6 catoblepas skeletons
  4 ancient zymes
  46 demonic crawlers
  5 harpy zombies
  A minotaur skeleton (Crypt:3)
  11 tyrant leeches
  25 hellwings (Pan)
  33 jumping spiders
  3 meliai (D:13)
  A queen bee (shapeshifter) (Abyss:3)
  7 trolls
  35 red devils
  A queen bee (D:13)
  38 hornets
  4 harpy skeletons
  A shadow dragon simulacrum (Depths:1)
  18 fire dragon zombies
  2 hornets (shapeshifter)
  7 alligator zombies
  13 ettin zombies
  16 wind drakes (Pan)
  16 bog bodies
  22 blink frogs
  10 raiju
  8 dream sheep
  A frost giant simulacrum (Tomb:1)
  A hippogriff (shapeshifter) (Depths:3)
  A fire giant simulacrum (Depths:1)
  A slime creature (shapeshifter) (Abyss:3)
  15 hippogriffs
  12 hydra skeletons
  16 ice dragon zombies
  42 slime creatures
  16 ice dragon skeletons
  381 flying skulls
  Sigmund (D:2)
  A centaur simulacrum (D:15)
  4 alligator skeletons
  A vampire (D:11)
  16 fire dragon skeletons
  53 yaks
  3 air elementals
  53 redbacks
  7 water elementals
  A fire bat (shapeshifter) (Depths:1)
  56 wraiths
  22 ynoxinuls (Pan)
  An elf skeleton (Depths:4)
  26 tarantellas
  11 ettin skeletons
  143 shadows
  4 black mamba skeletons
  4 black mamba zombies
  4 yaks (shapeshifter)
  18 wyverns
  5 hogs
  11 basilisks
  6 ushabtiu
  9 small abominations
  28 fire elementals
  9 humans (D:13)
  Grum (D:9)
  21 neqoxecs
  Menkaure (D:6)
  19 chaos spawn
  20 vampire mosquitoes
  A merfolk zombie (Tar:1)
  A spatial vortex (Abyss:3)
  8 steam dragons (Lair:5)
  An acid dragon (shapeshifter) (Abyss:3)
  An infernal demonspawn zombie (Tar:7)
  10 wargs
  A soldier ant (shapeshifter) (Depths:3)
  16 swamp worms
  17 water moccasins
  A hydra simulacrum (Hell)
  270 hell hounds
  16 swamp drakes
  9 cane toad zombies
  2 merfolk skeletons
  15 porcupines
  A gelid demonspawn skeleton (Crypt:2)
  3 tengu skeletons
  A floating eye (Pan)
  A floating eye (shapeshifter) (Vaults:1)
  A black bear (shapeshifter) (Vaults:4)
  An infernal demonspawn skeleton (Crypt:2)
  29 orc warriors
  8 manticore zombies
  4 sky beasts
  5 swamp dragon zombies
  25 ice beasts
  20 starcursed masses
  12 snapping turtle zombies
  13 black bears
  An alligator simulacrum (Crypt:2)
  An ice dragon simulacrum (Coc:2)
  67 phantoms
  5 cane toad skeletons
  153 necrophages
  24 wolves
  18 centaurs
  2 ettin simulacra
  23 ogres
  9 boggarts
  2 manticore skeletons (Tar:1)
  3 swamp dragon skeletons (Tar:1)
  9 snapping turtle skeletons
  7 crocodiles
  6 big kobolds
  An elf zombie (Tar:7)
  A komodo dragon zombie (Crypt:3)
  16 bullfrogs
  2 earth elementals
  An octopode zombie (Crypt:2)
  A yaktaur skeleton (Depths:1)
  A glowing shapeshifter simulacrum (Depths:4)
  A cane toad simulacrum (Hell)
  2 wyvern zombies
  A water moccasin zombie (Crypt:1)
  A wyvern skeleton (D:14)
  22 killer bees
  A troll zombie (Tar:2)
  4 scorpions
  406 wights
  A spriggan zombie (Crypt:1)
  An elf simulacrum (Vaults:2)
  3 troll skeletons
  2 spriggan skeletons
  2 howler monkeys
  4 electric eels
  10 crimson imps
  6 quasits
  5 human zombies
  17 orc priests
  2 bullfrog skeletons
  8 hounds
  A basilisk zombie (Crypt:2)
  5 human skeletons
  31 iron imps
  7 jellies
  2 iguanas
  A porcupine zombie (Crypt:1)
  49 orc wizards
  12 worker ants
  A naga zombie (Crypt:3)
  2 ogre zombies (Tar:1)
  4 tengu zombies
  4 naga skeletons
  3 ogre skeletons (Tar:1)
  A human simulacrum (Crypt:1)
  A hound zombie (D:5)
  43 mummies
  16 adders
  2 river rats (Sewer)
  114 shadow imps
  22 white imps
  3 ufetubi
  A worm zombie (Crypt:3)
  2 adder skeletons
  A halfling skeleton (Crypt:1)
  3 worms
  A dart slug (D:5)
  7 leopard geckos
  95 orcs
  3 ball pythons
  8 bats
  11 giant cockroaches
  7 goblins
  4 hobgoblins
  8 jackals
  5 quokkas
  3 frilled lizards
  2 goblin skeletons (Crypt:3)
  44 kobolds
  3 kobold skeletons
  2 orc skeletons
  An orc zombie (Tar:1)
  A quokka zombie (D:5)
  8 rats
  2 river rat skeletons
  7 briar patches
  A bush (D:6)
  A crawling corpse (Vaults:5)
  29 fire vortices
  A fungus (D:1)
  2 plants
  4 tentacles
7721 creatures vanquished.

Vanquished Creatures (collateral kills)
  An ancient lich (Tar:7)
  A Hell Sentinel (Dis:7)
  3 Ice Fiends (Coc:7)
  An acid blob (Lair:6)
  An Executioner (Pan)
  A shadow dragon (Vaults:5)
  An iron dragon (Dis:7)
  A corrupter (Pan)
  A vault warden (Vaults:5)
  2 cacodemons (Pan)
  2 reapers (Tar:7)
  A warmonger (Pan)
  3 elemental wellsprings
  A stone giant (Vaults:5)
  A deep elf demonologist (Vaults:5)
  2 blizzard demons (Coc:7)
  A kraken zombie (Coc:7)
  2 vault guards (Vaults:5)
  7 ice dragons (Coc:7)
  2 death scarabs (Tomb:1)
  2 dancing weapons (Pan)
  A sun demon (Geh:7)
  4 skeletal warriors
  2 deep trolls (Vaults:5)
  A flayed ghost (Geh:7)
  A phantasmal warrior (Geh:7)
  An ironbrand convoker (Vaults:5)
  An anaconda skeleton (Coc:3)
  A stone giant zombie (Coc:3)
  A rust devil (Dis:7)
  3 smoke demons (Geh:7)
  4 freezing wraiths
  A red devil (Geh:7)
  4 ice devils
  2 hydra zombies (Coc:7)
  An alligator zombie (Coc:7)
  12 flying skulls
  An ice dragon skeleton (Coc:7)
  3 wraiths
  A fire elemental (Geh:7)
  2 large abominations (Pan)
  A hell hound (Dis:7)
  2 hydra simulacra (Coc:7)
  A merfolk skeleton (Coc:7)
  A cane toad skeleton (Coc:7)
  An ice beast (Coc:7)
  A necrophage (Coc:3)
  2 white imps
  2 fire vortices (Geh:7)
95 creatures vanquished.

Vanquished Creatures (others)
  An eldritch tentacle (Pan)
  A shadow dragon (Vaults:5)
  2 fire giants (Geh:7)
  2 rakshasas (Pan)
  2 hell hogs (Hell)
  An ogre mage (Depths:3)
  A sixfirhy (Pan)
  A glowing orange brain (Depths:1)
  2 deep elf magi
  A necromancer (Hell)
  A hellion (Geh:7)
  2 flying skulls
  A ynoxinul (Abyss:3)
  2 spriggans (Depths:5)
  A redback (Spider:4)
  An ice dragon skeleton (Coc:7)
  A hog (D:15)
  A human (D:15)
  A steam dragon (Lair:5)
  A swamp worm (Swamp:3)
  A swamp drake (Swamp:4)
  6 wights (Tar:1)
  An orc priest (Orc:1)
  An orc wizard (Orc:2)
  An iron imp (Dis:7)
  4 ball lightnings (Pan)
  2 orcs (Orc:2)
  A kobold (D:12)
  4 briar patches
  2 demonic plants (Pan)
  14 fungi
  2 lurking horrors
  41 plants
  14 starspawn tentacles
  7 tentacles
  4 toadstools (D:1)
  26 withered plants (Crypt:3)
157 creatures vanquished.

Grand Total: 7973 creatures vanquished

Notes
Turn   | Place    | Note
-------+----------+-------------------------------------------
     0 | D:1      | Avarice the Gargoyle Gladiator began the quest for the Orb.
     0 | D:1      | Reached XP level 1. HP: 12/12 MP: 1/1
   105 | D:1      | Reached XP level 2. HP: 15/18 MP: 2/2
   502 | D:1      | Reached XP level 3. HP: 20/22 MP: 3/3
   704 | D:2      | Noticed Sigmund
   723 | D:2      | Killed Sigmund
   723 | D:2      | Reached XP level 4. HP: 18/29 MP: 4/4
   723 | D:2      | Reached XP level 5. HP: 20/33 MP: 5/5
   985 | D:2      | Found an ancient bone altar of Kikubaaqudgha.
  1098 | D:2      | Reached XP level 6. HP: 35/38 MP: 6/6
  1833 | D:3      | Found a shimmering blue altar of Sif Muna.
  2159 | D:3      | Found a snail-covered altar of Cheibriados.
  2458 | D:4      | Reached skill level 1 in Armour
  2487 | D:4      | Reached skill level 1 in Shields
  2495 | D:4      | Got a twitching wooden ring
  2498 | D:4      | Identified the ring "Bozinger" {Wiz rC+ Str+4 Dex+2} (You
                  | found it on level 4 of the Dungeon)
  2502 | D:4      | Found a glowing drain.
  2537 | Sewer    | Entered a sewer
  2671 | Sewer    | Reached XP level 7. HP: 38/44 MP: 7/7
  2729 | Sewer    | Found a white marble altar of Elyvilon.
  3291 | D:4      | Reached skill level 5 in Maces & Flails
  3458 | D:5      | Entered Level 5 of the Dungeon
  3486 | D:5      | Reached skill level 5 in Fighting
  3840 | D:5      | Reached XP level 8. HP: 49/49 MP: 8/8
  3942 | D:5      | Found a glowing silver altar of Zin.
  3995 | D:5      | Noticed Pikel
  4003 | D:5      | Killed Pikel
  4288 | D:5      | Found a hazy altar of Hepliaklqana.
  4821 | D:6      | Reached XP level 9. HP: 42/56 MP: 9/9
  4847 | D:6      | Reached skill level 5 in Shields
  4914 | D:6      | Noticed Menkaure
  5101 | D:6      | Reached skill level 5 in Armour
  5272 | D:6      | Got a scorched mace
  5272 | D:6      | Identified the +7 mace of Contention {vorpal, rC+ SInv}
                  | (You found it on level 6 of the Dungeon)
  5300 | D:6      | Found a blossoming altar of Fedhas.
  5319 | D:6      | Noticed an oklob plant
  5405 | D:6      | Killed Menkaure
  5418 | D:6      | Got a dazzling scale mail
  5481 | D:5      | Identified the +2 scale mail "Visan" {rC+ rN+ MR-} (You
                  | found it on level 6 of the Dungeon)
  5965 | D:7      | Found a sparkling altar of Nemelex Xobeh.
  6198 | D:7      | Found a burning altar of Makhleb.
  6218 | D:7      | Noticed Maggie
  6236 | D:7      | Killed Maggie
  6614 | D:7      | Found a staircase to the Ecumenical Temple.
  6638 | Temple   | Entered the Ecumenical Temple
  6724 | Temple   | Became a worshipper of Warmaster Okawaru
  6968 | D:7      | Reached XP level 10. HP: 50/64 MP: 10/10
  7473 | D:8      | Found a shattered altar of Ashenzari.
  7586 | D:8      | Found Mijefena's Jewellery Emporium.
  7620 | D:8      | Found an opulent altar of Gozag.
  7738 | D:8      | Noticed Harold
  7764 | D:8      | Killed Harold
  8346 | D:9      | Reached * piety under Okawaru
  8378 | D:9      | Found a staircase to the Orcish Mines.
  8543 | D:9      | Found a shadowy altar of Dithmenos.
  8545 | D:9      | Noticed Grum
  8566 | D:9      | Killed Grum
  8693 | D:9      | Found a white marble altar of Elyvilon.
  8858 | D:9      | Reached ** piety under Okawaru
  9127 | D:9      | Found a glowing golden altar of the Shining One.
  9242 | D:9      | Found an ornate altar of the Wu Jian Council.
  9311 | D:10     | Entered Level 10 of the Dungeon
  9416 | D:10     | Reached XP level 11. HP: 70/71 MP: 11/11
  9961 | D:10     | Found a staircase to the Lair.
  9970 | D:10     | Reached *** piety under Okawaru
 10738 | D:11     | Reached skill level 10 in Fighting
 10830 | D:11     | Reached **** piety under Okawaru
 10831 | D:11     | Found a frozen archway.
 10838 | IceCv    | Entered an ice cave
 11290 | IceCv    | Reached skill level 10 in Maces & Flails
 11345 | IceCv    | Noticed an ice dragon
 11350 | IceCv    | Noticed an ice dragon
 11528 | IceCv    | Killed an ice dragon
 11528 | IceCv    | Reached XP level 12. HP: 72/79 MP: 10/12
 11617 | IceCv    | Killed an ice dragon
 11721 | IceCv    | Got a crude pewter ring
 11792 | IceCv    | Identified the cursed ring "Piqon" {rElec EV-4} (You found
                  | it in an ice cave)
 11933 | D:11     | Reached skill level 10 in Armour
 11957 | D:11     | Found a shimmering altar of Xom.
 12010 | D:11     | Identified the Guide on Evil
 12022 | D:11     | Reached skill level 10 in Shields
 12209 | D:11     | Noticed Psyche
 12218 | D:11     | Killed Psyche
 12432 | D:11     | Found Zakho's Gadget Shoppe.
 13001 | D:12     | Noticed a two-headed ogre
 13005 | D:12     | Killed a two-headed ogre
 13005 | D:12     | Reached ***** piety under Okawaru
 13005 | D:12     | Received a gift from Okawaru
 14280 | Lair:1   | Entered Level 1 of the Lair of Beasts
 14422 | Lair:1   | Noticed a six-headed hydra
 14437 | Lair:1   | Killed a six-headed hydra
 14440 | Lair:1   | Reached XP level 13. HP: 78/85 MP: 13/13
 14533 | Lair:1   | Received a gift from Okawaru
 15363 | Lair:2   | Reached skill level 1 in Invocations
 16649 | Lair:3   | Noticed Rupert
 16649 | Lair:3   | Paralysed by Rupert for 2 turns
 16653 | Lair:3   | Noticed Fannar
 17029 | Lair:3   | Killed Fannar
 17145 | Lair:3   | Found a staircase to the Swamp.
 17291 | Swamp:1  | Entered Level 1 of the Swamp
 17836 | Lair:4   | Reached ****** piety under Okawaru
 17836 | Lair:4   | Received a gift from Okawaru
 17874 | Lair:4   | Gained mutation: Your large and strong wings let you fly
                  | indefinitely. [Gargoyle growth]
 17874 | Lair:4   | Reached XP level 14. HP: 61/92 MP: 17/17
 18305 | Lair:4   | Found a hole to the Spider Nest.
 18546 | Lair:4   | Reached skill level 5 in Invocations
 20311 | Lair:5   | Received a gift from Okawaru
 21806 | Lair:6   | Entered Level 6 of the Lair of Beasts
 21882 | Lair:6   | Received a gift from Okawaru
 22043 | Lair:6   | Received a gift from Okawaru
 22050 | Lair:6   | Got a masterwork demon whip {god gift}
 22087 | Lair:5   | Identified the +8 demon whip of the Ageless Servitors
                  | {venom, Str+6} (Okawaru gifted it to you on level 6 of the
                  | Lair of Beasts)
 22338 | Lair:6   | Reached XP level 15. HP: 93/100 MP: 20/20
 22536 | Lair:6   | Found a runed translucent door.
 22537 | Lair:6   | Found a viscous altar of Jiyva.
 22537 | Lair:6   | Noticed an acid blob
 22543 | Lair:6   | Noticed an acid blob
 22543 | Lair:6   | Noticed an acid blob
 22544 | Lair:6   | Found a staircase to the Slime Pits.
 22562 | Lair:6   | Received a gift from Okawaru
 23012 | Lair:5   | Received a gift from Okawaru
 23235 | Lair:6   | Received a gift from Okawaru
 23585 | Lair:6   | Received a gift from Okawaru
 25592 | D:13     | Received a gift from Okawaru
 25647 | D:13     | Got a pair of fine boots {god gift}
 25657 | D:13     | Identified the +0 pair of boots of Decaying Joy {rF+ rN+
                  | Str+5} (Okawaru gifted it to you on level 13 of the
                  | Dungeon)
 25685 | D:13     | Found a gate to the Vaults.
 25766 | D:15     | Entered Level 15 of the Dungeon
 25766 | D:15     | Noticed Kirke
 26287 | Orc:1    | Entered Level 1 of the Orcish Mines
 26398 | Orc:2    | Entered Level 2 of the Orcish Mines
 26403 | Orc:2    | Noticed Jorgrun
 26527 | Orc:2    | Killed Jorgrun
 26531 | Orc:2    | Reached XP level 16. HP: 81/107 MP: 21/21
 26650 | Orc:2    | Gained mutation: [You do not regenerate when monsters are
                  | visible.] [a neqoxec]
 28195 | Orc:2    | Found a staircase to the Elven Halls.
 28385 | Orc:2    | Paralysed by an orc sorcerer for 5 turns
 28392 | Orc:2    | Gained mutation: You are clumsy. (Dex -2) [a neqoxec]
 28524 | Orc:2    | Found an ancient bone altar of Kikubaaqudgha.
 28524 | Orc:2    | Noticed Nergalle
 28593 | Orc:2    | Killed Nergalle
 28723 | Orc:2    | Found Kulih's Magic Scroll Shoppe.
 28784 | Orc:2    | Found a radiant altar of Vehumet.
 28787 | Orc:2    | Noticed Erolcha
 28885 | Orc:2    | Paralysed by an orc sorcerer for 3 turns
 28899 | Orc:2    | Killed Erolcha
 28978 | Orc:2    | Reached skill level 15 in Fighting
 28989 | Orc:2    | Found a roughly hewn altar of Beogh.
 28989 | Orc:2    | Found Ekkup's Gadget Shoppe.
 28990 | Orc:2    | Found Niunotoodd's Antique Weapon Emporium.
 28999 | Orc:2    | Found Xaczesif's Antique Armour Emporium.
 29032 | Orc:2    | Bought a runed cloak for 247 gold pieces
 29148 | Orc:2    | Bought a scroll of teleportation for 39 gold pieces
 29148 | Orc:2    | Bought a scroll of identify for 26 gold pieces
 29148 | Orc:2    | Bought a scroll of identify for 26 gold pieces
 29148 | Orc:2    | Bought a scroll of enchant armour for 97 gold pieces
 29148 | Orc:2    | Bought a scroll of identify for 26 gold pieces
 29148 | Orc:2    | Bought a scroll of brand weapon for 260 gold pieces
 29148 | Orc:2    | Bought a scroll of amnesia for 45 gold pieces
 29148 | Orc:2    | Bought a scroll of remove curse for 39 gold pieces
 29701 | D:14     | Received a gift from Okawaru
 30117 | D:14     | Found Joghibid's Assorted Antiques.
 30144 | D:14     | Bought a scroll of teleportation for 96 gold pieces
 30144 | D:14     | Bought a scroll of identify for 64 gold pieces
 30144 | D:14     | Bought a scroll of identify for 64 gold pieces
 30144 | D:14     | Bought a scroll of magic mapping for 112 gold pieces
 30144 | D:14     | Bought 2 fizzy blue potions for 57 gold pieces
 30157 | D:14     | Found an ornate altar of the Wu Jian Council.
 30755 | D:15     | Noticed Azrael
 30774 | D:15     | Received a gift from Okawaru
 30810 | D:15     | Killed Azrael
 30820 | D:15     | Got a slimy helmet {god gift}
 30851 | D:14     | Identified the +0 helmet "Colaat" {+Blink Str-2 Int+3 SInv}
                  | (Okawaru gifted it to you on level 15 of the Dungeon)
 31205 | D:15     | Reached skill level 15 in Armour
 31214 | D:15     | Reached skill level 15 in Shields
 31799 | D:15     | Found a staircase to the Depths.
 32029 | D:15     | Killed Kirke
 32322 | D:15     | Reached XP level 17. HP: 114/114 MP: 22/22
 32387 | Depths:1 | Entered Level 1 of the Depths
 32438 | D:15     | Identified a scroll of acquirement
 32438 | D:15     | Acquired the +2 hat "Etoarol" {rF- rC++}
 32689 | Elf:1    | Entered Level 1 of the Elven Halls
 32956 | Elf:1    | Noticed a Hell Sentinel
 33095 | Elf:1    | Noticed an Ice Fiend
 33215 | Elf:1    | Received a gift from Okawaru
 33398 | Elf:1    | Received a gift from Okawaru
 33427 | Elf:1    | Reached skill level 15 in Maces & Flails
 33445 | Elf:1    | Got a shadowed robe {god gift}
 34832 | Elf:1    | Identified the +1 robe of Untold Secrets {-Cast rC- rN+++
                  | Int+6} (Okawaru gifted it to you on level 1 of the Elven
                  | Halls)
 34925 | Elf:2    | Got a slimy leather armour
 34972 | Elf:1    | Identified the +1 leather armour of Vampiric Thralls
                  | {Int+2} (You found it on level 2 of the Elven Halls)
 35441 | Elf:2    | Found a runed translucent gate.
 35441 | Elf:2    | Found a runed translucent gate.
 35441 | Elf:2    | Found a runed translucent gate.
 35734 | Elf:3    | Entered Level 3 of the Elven Halls
 36606 | Elf:3    | Received a gift from Okawaru
 36747 | Elf:3    | Noticed a deep elf master archer
 36758 | Elf:3    | Noticed a deep elf blademaster
 36758 | Elf:3    | Killed a deep elf master archer
 36773 | Elf:2    | Killed a deep elf blademaster
 36773 | Elf:2    | Reached XP level 18. HP: 109/122 MP: 23/23
 37020 | Elf:3    | Noticed a deep elf blademaster
 37046 | Elf:3    | Killed a deep elf blademaster
 37375 | Elf:3    | Cast into level 2 of the Abyss (a deep elf sorcerer)
 37465 | Abyss:2  | Paralysed by accursed screaming for 2 turns
 37467 | Abyss:2  | HP: 6/122 [starcursed mass/accursed screaming (12)]
 37480 | Abyss:2  | Found a corrupted altar of Lugonu.
 38448 | Elf:3    | Escaped the Abyss
 38542 | Elf:3    | Noticed an Ice Fiend
 38851 | Elf:3    | Noticed a Hell Sentinel
 39099 | Elf:3    | Identified the +8 short sword of Nomeusiph {freeze, rPois
                  | Str+2 Dex-3}
 39510 | Elf:3    | Identified the cursed +2 war axe of an ice cave {vorpal,
                  | rF++ Str+5}
 39510 | Elf:3    | Identified the amulet "Muud Mys" {RegenMP Str+2}
 39880 | Elf:3    | Identified the cursed +0 hand axe of the Wilderness {drain,
                  | rPois rF- rC+}
 39992 | Elf:3    | Identified the +6 whip "Newtbane" {flame, *Noise +Inv Str+3
                  | Dex+3}
 40425 | Elf:2    | Received a gift from Okawaru
 40622 | Elf:3    | Identified the ring of Juang {rElec Int+2 Dex+4 Stlth-}
 41246 | Elf:3    | Found the +2 cloak of the Thief {+Fog Slay-2 SInv Stlth+}
 41284 | Elf:3    | Identified the Catalogue of the Meadowlark
 41669 | D:3      | Identified Sif Muna's Tome of Changing
 42405 | Elf:3    | Identified the +8 trident "Grim" {vorpal, MR+}
 42455 | Elf:3    | Reached XP level 19. HP: 128/128 MP: 24/24
 43526 | Swamp:2  | Got a heavily jewelled robe
 43538 | Swamp:2  | Identified the +1 robe "Oduti" {rPois rN+++ Int-4 Dex-5}
                  | (You found it on level 2 of the Swamp)
 44153 | Swamp:2  | Received a gift from Okawaru
 44162 | Swamp:2  | Got a pair of pitted gloves {god gift}
 44172 | Swamp:2  | Identified the +0 pair of gloves of Masochism {*Contam Harm
                  | rN++ rCorr} (Okawaru gifted it to you on level 2 of the
                  | Swamp)
 45814 | Swamp:3  | Acquired a +0 crystal plate armour
 46118 | Swamp:3  | Noticed Donald
 46132 | Swamp:3  | Killed Donald
 46410 | D:8      | Bought the amulet "Vedausut" {RegenMP rF+} for 704 gold
                  | pieces
 47018 | Swamp:4  | Entered Level 4 of the Swamp
 48508 | Swamp:4  | Noticed Mara
 48510 | Swamp:4  | Received a gift from Okawaru
 48729 | Swamp:3  | Noticed Avarice's illusion
 48732 | Swamp:3  | Killed Mara
 48732 | Swamp:3  | Reached XP level 20. HP: 137/137 MP: 25/25
 48889 | Swamp:4  | Identified the cursed +1 ring mail "Wyregeps" {rElec Str+3}
                  | (You found it on level 4 of the Swamp)
 48949 | Swamp:4  | Got a decaying rune of Zot
 49717 | Depths:2 | Found a gateway to a ziggurat.
 50261 | Depths:2 | Found a gateway to Hell.
 51065 | Depths:1 | Received a gift from Okawaru
 51478 | Depths:1 | Found the +8 storm bow {elec, penet}
 52128 | Depths:2 | Noticed a caustic shrike
 52139 | Depths:2 | Killed a caustic shrike
 52357 | Depths:2 | Found Empalidd's Armour Emporium.
 52357 | Depths:2 | Found Uvasasih's Distillery.
 52358 | Depths:2 | Found Kivvoaf's Armour Shoppe.
 52361 | Depths:2 | Found Deatunur's Jewellery Emporium.
 52433 | Depths:2 | Bought 2 potions of cancellation for 304 gold pieces
 52433 | Depths:2 | Bought 2 potions of haste for 380 gold pieces
 52433 | Depths:2 | Bought a potion of heal wounds for 95 gold pieces
 52433 | Depths:2 | Bought a potion of curing for 57 gold pieces
 52433 | Depths:2 | Bought a potion of curing for 57 gold pieces
 52433 | Depths:2 | Bought a potion of curing for 57 gold pieces
 52433 | Depths:2 | Bought a potion of invisibility for 152 gold pieces
 53273 | Depths:2 | Noticed a golden dragon
 53284 | Depths:2 | Killed a golden dragon
 53471 | Depths:3 | Reached XP level 21. HP: 134/144 MP: 26/26
 53659 | Depths:2 | Received a gift from Okawaru
 54193 | Depths:2 | Acquired 340 gold pieces
 55638 | Depths:3 | Identified the cursed +0 dire flail "Zexam" {vamp, Str+5
                  | Dex-5}
 55989 | Depths:3 | Noticed a juggernaut
 55998 | Depths:3 | Killed a juggernaut
 55998 | Depths:3 | Received a gift from Okawaru
 55999 | Depths:3 | Found the +7 Kryia's mail coat {PotionHeal*2 rC+}
 56018 | Depths:3 | Noticed a caustic shrike
 56036 | Depths:3 | Killed a caustic shrike
 56399 | Depths:3 | Paralysed by a vampire knight for 7 turns
 56674 | Depths:3 | Found a one-way gate leading to the halls of Pandemonium.
 56881 | Depths:5 | Entered Level 5 of the Depths
 56978 | Depths:4 | Reached XP level 22. HP: 128/152 MP: 27/27
 57445 | Depths:4 | Found a runed translucent door.
 57603 | Depths:4 | Found a one-way gate to the infinite horrors of the Abyss.
 57842 | Depths:5 | Noticed a juggernaut
 57852 | Depths:5 | Killed a juggernaut
 57852 | Depths:5 | Received a gift from Okawaru
 57859 | Depths:5 | Noticed Sojobo
 58719 | Depths:5 | Found a portal to a secret trove of treasure.
 58760 | Depths:5 | Noticed a golden dragon
 58761 | Depths:5 | Found Soineg's Jewellery Emporium.
 58776 | Depths:4 | Killed a golden dragon
 59056 | Depths:5 | Found Tashid's Gadget Shop.
 59057 | Depths:5 | Found Widusaqo's Jewellery Emporium.
 59066 | Depths:5 | Bought the ring of Ivvyubb {+Fly rF++ Str+3 Int+6 SInv} for
                  | 2390 gold pieces
 59194 | Depths:2 | Bought the amulet of Light {Reflect rN++ SH+5} for 617 gold
                  | pieces
 59441 | Depths:5 | Found a shadowy altar of Dithmenos.
 59970 | Depths:5 | Killed Sojobo
 60285 | Depths:5 | Received a gift from Okawaru
 60293 | Depths:5 | Noticed a golden dragon
 60309 | Depths:5 | Killed a golden dragon
 60967 | Depths:5 | Found a gate to the Realm of Zot.
 60978 | Depths:5 | Reached XP level 23. HP: 158/158 MP: 28/28
 61081 | Depths:5 | Noticed the Enchantress
 61458 | Depths:5 | Bought the ring of Pucs {rC- MR++ SInv} for 397 gold pieces
 61742 | Vaults:1 | Entered Level 1 of the Vaults
 61781 | Vaults:1 | Found Loir's General Store.
 61789 | Vaults:1 | Bought 3 scrolls of identify for 84 gold pieces
 61789 | Vaults:1 | Bought a scroll of identify for 28 gold pieces
 62302 | Vaults:1 | Found Caprua's Weapon Shop.
 62671 | Vaults:1 | Received a gift from Okawaru
 62795 | Vaults:1 | Got a pitted glass ring
 62796 | Vaults:1 | Identified the ring of Vugaxten {+Fly rPois rN+ MR+} (You
                  | found it on level 1 of the Vaults)
 62971 | Vaults:1 | Found Azihoovuo's Antique Armour Shoppe.
 62979 | Vaults:1 | Bought a glowing tower shield for 202 gold pieces
 63205 | Vaults:2 | Received a gift from Okawaru
 63525 | Vaults:2 | Identified the +5 short sword "Zeisolia" {vorpal, Dex+2
                  | SInv Stlth+}
 63762 | Vaults:2 | Found a staircase to the Crypt.
 63762 | Vaults:2 | Found an ancient bone altar of Kikubaaqudgha.
 63763 | Vaults:2 | Found a basalt altar of Yredelemnul.
 64117 | Vaults:2 | Found Irur's Assorted Antiques.
 64407 | Vaults:2 | Received a gift from Okawaru
 65374 | Vaults:3 | Found Egyif's Weapon Shop.
 65776 | Vaults:3 | Found Lyuckied's Weapon Boutique.
 65811 | Vaults:4 | Reached XP level 24. HP: 166/166 MP: 28/28
 66436 | Vaults:4 | Received a gift from Okawaru
 66537 | Vaults:4 | Cast into level 4 of the Abyss (+0 scimitar of distortion)
 66666 | Abyss:4  | Gained mutation: Your spells are a little easier to cast,
                  | but a little less powerful. [a neqoxec]
 66706 | Abyss:4  | Received a gift from Okawaru
 66802 | Vaults:4 | Escaped the Abyss
 66936 | Vaults:4 | Noticed Xtahua
 67219 | Vaults:4 | Killed Xtahua
 68203 | Lair:3   | Killed Rupert
 69746 | Depths:1 | Upgraded the game from 0.26-a0-362-g1d9a9cd4fa to
                  | 0.26-a0-365-g11c2b627af
 69970 | Crypt:1  | Entered Level 1 of the Crypt
 70937 | Crypt:1  | Received a gift from Okawaru
 71003 | Crypt:1  | Reached XP level 25. HP: 167/173 MP: 28/28
 71493 | Crypt:3  | Entered Level 3 of the Crypt
 72074 | Crypt:2  | Noticed Frederick
 72117 | Crypt:2  | Killed Frederick
 73678 | Crypt:3  | Received a gift from Okawaru
 73815 | Crypt:3  | Found an ancient bone altar of Kikubaaqudgha.
 73866 | Crypt:3  | Noticed an ancient lich
 73879 | Crypt:3  | Killed an ancient lich
 73900 | Crypt:3  | Got a transparent helmet
 73910 | Crypt:3  | Identified the -2 helmet of the Centipede {rF++ rN+} (You
                  | found it on level 3 of the Crypt)
 73951 | Crypt:3  | Got a faintly glowing silver ring
 73951 | Crypt:3  | Got a shimmering golden ring
 73953 | Crypt:3  | Identified the ring "Kaxkaph" {rN+ Str+3 Int+4} (You found
                  | it on level 3 of the Crypt)
 73954 | Crypt:3  | Identified the ring "Muclib" {rN+ Str+6 Int+4 Dex-4} (You
                  | found it on level 3 of the Crypt)
 73958 | Crypt:3  | Identified the Grimoire of Ensnaring Heat
 73961 | Crypt:3  | Got a clouded granite ring
 73962 | Crypt:3  | Identified the ring of Saawygoj {rPois rN+ Str+4} (You
                  | found it on level 3 of the Crypt)
 74316 | Crypt:3  | Found a staircase to the Tomb.
 74530 | Crypt:3  | Received a gift from Okawaru
 74756 | Crypt:3  | Reached XP level 26. HP: 175/182 MP: 28/28
 75225 | Hell     | Entered the Vestibule of Hell
 75225 | Hell     | Noticed Geryon
 75238 | Hell     | Killed Geryon
 75520 | Hell     | Received a gift from Okawaru
 75703 | Hell     | Found a gateway to the freezing wastes of Cocytus.
 75807 | Hell     | Found a gateway to the decaying netherworld of Tartarus.
 76391 | Hell     | Received a gift from Okawaru
 76397 | Hell     | Found a gateway to the Iron City of Dis.
 76524 | Hell     | Found a gateway to the ashen valley of Gehenna.
 76867 | Tar:1    | Entered Level 1 of Tartarus
 78171 | Tar:1    | Received a gift from Okawaru
 79392 | Hell     | Received a gift from Okawaru
 79392 | Hell     | Reached XP level 27. HP: 147/189 MP: 28/28
 81111 | Tar:1    | Received a gift from Okawaru
 85301 | Tar:1    | Received a gift from Okawaru
 87427 | Tar:1    | Reached skill level 5 in Dodging
 88114 | Tar:1    | Received a gift from Okawaru
 88286 | Tar:1    | Received a gift from Okawaru
 88978 | Tar:1    | Received a gift from Okawaru
 89656 | Tar:1    | Received a gift from Okawaru
 91513 | Tar:1    | Received a gift from Okawaru
 94055 | Hell     | Received a gift from Okawaru
 96817 | Tar:1    | Received a gift from Okawaru
 97926 | Tar:1    | Received a gift from Okawaru
100188 | Tar:1    | Reached skill level 10 in Dodging
101484 | Tar:1    | Received a gift from Okawaru
101499 | Tar:1    | Got an ancient kite shield {god gift}
101514 | Hell     | Identified the +0 kite shield of the Ecumenical Temple
                  | {+Fly Regen+ Str-4} (Okawaru gifted it to you on level 1 of
                  | Tartarus)
103586 | Tar:1    | Received a gift from Okawaru
105981 | Tar:1    | Received a gift from Okawaru
106188 | Tar:1    | Received a gift from Okawaru
107282 | Tar:1    | Received a gift from Okawaru
107282 | Tar:1    | Reached skill level 27 in Fighting
108330 | Tar:1    | Reached skill level 27 in Armour
108330 | Tar:1    | Reached skill level 27 in Shields
108646 | Tar:1    | Received a gift from Okawaru
108647 | Tar:1    | Got a pair of spiked gloves {god gift}
108663 | Hell     | Identified the +1 pair of gloves of Okawaru's Envy {MR+
                  | MP+9 Stlth+} (Okawaru gifted it to you on level 1 of
                  | Tartarus)
110480 | Tar:1    | Reached skill level 5 in Throwing
112102 | Tar:1    | Received a gift from Okawaru
112128 | Tar:1    | Got a crystal morningstar {god gift}
112133 | Hell     | Identified the +1 morningstar "Inota" {elec, rN+} (Okawaru
                  | gifted it to you on level 1 of Tartarus)
112224 | Hell     | Lost mutation: Your spells are a little easier to cast, but
                  | a little less powerful. [potion of mutation]
112224 | Hell     | Lost mutation: You are clumsy. (Dex -2) [potion of
                  | mutation]
112224 | Hell     | Gained mutation: Armour fits poorly on your strangely
                  | shaped body. [potion of mutation]
112224 | Hell     | Lost mutation: [You do not regenerate when monsters are
                  | visible.] [potion of mutation]
112224 | Hell     | Gained mutation: You possess an exceptional clarity of
                  | mind. [potion of mutation]
114580 | Tar:1    | Reached skill level 10 in Invocations
114777 | Tar:1    | Received a gift from Okawaru
115096 | Tar:1    | Received a gift from Okawaru
115137 | Tar:1    | Reached skill level 10 in Throwing
115552 | Tar:1    | Received a gift from Okawaru
115676 | Tar:1    | Got a jewelled chain mail {god gift}
115678 | Tar:1    | Identified the +1 chain mail of the Hills {rCorr} (Okawaru
                  | gifted it to you on level 1 of Tartarus)
118462 | Tar:1    | Received a gift from Okawaru
120402 | Tar:1    | Received a gift from Okawaru
120843 | Tar:1    | Received a gift from Okawaru
122294 | Hell     | Reached skill level 15 in Dodging
123385 | Tar:1    | Reached skill level 27 in Maces & Flails
124257 | Tar:1    | Received a gift from Okawaru
127173 | Tar:1    | Reached skill level 15 in Invocations
127661 | Tar:1    | Received a gift from Okawaru
127869 | Tar:1    | Reached skill level 15 in Throwing
128316 | Tar:1    | Received a gift from Okawaru
131381 | Tar:1    | Received a gift from Okawaru
135035 | Tar:1    | Received a gift from Okawaru
138010 | Tar:1    | Received a gift from Okawaru
138011 | Tar:1    | Got an ebony mace {god gift}
138026 | Hell     | Identified the +4 mace "Roreba" {flame, +Blink Int+5}
                  | (Okawaru gifted it to you on level 1 of Tartarus)
140120 | Tar:1    | Received a gift from Okawaru
141585 | Tar:1    | Received a gift from Okawaru
142384 | Tar:1    | Received a gift from Okawaru
143245 | Tar:1    | Received a gift from Okawaru
143855 | Tar:1    | Received a gift from Okawaru
143856 | Tar:1    | Got a pair of smoking gloves {god gift}
143881 | Hell     | Identified the +2 pair of gloves of Hubris {rCorr} (Okawaru
                  | gifted it to you on level 1 of Tartarus)
145979 | Tar:1    | Received a gift from Okawaru
148841 | Tar:1    | Received a gift from Okawaru
149399 | Tar:1    | Received a gift from Okawaru
149623 | Tar:1    | Received a gift from Okawaru
150134 | Tar:1    | Received a gift from Okawaru
150595 | Tar:1    | Received a gift from Okawaru
151866 | Tar:1    | Received a gift from Okawaru
151893 | Hell     | Identified a +0 pair of boots of running (Okawaru gifted it
                  | to you on level 1 of Tartarus)
156555 | Tar:1    | Received a gift from Okawaru
157613 | Tar:1    | Received a gift from Okawaru
157622 | Tar:1    | Got a distressingly furry hat {god gift}
157642 | Hell     | Identified the +0 hat "Nomp" {Harm MR+} (Okawaru gifted it
                  | to you on level 1 of Tartarus)
158149 | D:9      | Fell from the grace of Okawaru
158149 | D:9      | Became a worshipper of the Shining One
158766 | Tar:1    | Reached * piety under the Shining One
159051 | Tar:1    | Reached ** piety under the Shining One
160014 | Tar:1    | Reached *** piety under the Shining One
160335 | Tar:1    | Reached **** piety under the Shining One
160666 | Tar:1    | Reached ***** piety under the Shining One
162514 | Tar:1    | Reached ****** piety under the Shining One
163689 | Tar:1    | Was forgiven by Okawaru
164465 | Tar:1    | Identified a +9 eveningstar of holy wrath (a +9 eveningstar
                  | of flaming blessed by the Shining One)
164465 | Tar:1    | Received a gift from the Shining One
165613 | Tar:5    | Noticed an ancient lich
165633 | Tar:5    | Killed an ancient lich
165788 | Tar:7    | Entered Level 7 of Tartarus
166288 | Tar:7    | Noticed an ancient lich
166304 | Tar:7    | Gained mutation: Your spells are a little easier to cast,
                  | but a little less powerful. [a cacodemon]
166306 | Tar:7    | Killed an ancient lich
166431 | Tar:7    | Noticed Ereshkigal
166453 | Tar:7    | Killed Ereshkigal
167051 | Tar:7    | Noticed an ancient lich
167059 | Tar:7    | Killed an ancient lich
167064 | Tar:7    | Identified the Collected Works on Mutagenic Execration
167092 | Tar:7    | Identified the Disquisition on Dark Creation
167192 | Tar:7    | Identified the Incunabulum of Cankerous Dark Magic
167230 | Tar:7    | Got a bone rune of Zot
167359 | Dis:1    | Entered Level 1 of the Iron City of Dis
167653 | Dis:7    | Entered Level 7 of the Iron City of Dis
168249 | Dis:7    | Found the +5 demon whip "Spellbinder" {antimagic, MR+}
168257 | Dis:7    | Identified the Papyrus of Blows and Bruises and
                  | Transformation
168545 | Dis:7    | Got a warped ivory ring
168546 | Dis:7    | Identified the ring of Seitais {+Inv +Fly rElec Str+3} (You
                  | found it on level 7 of the Iron City of Dis)
168723 | Dis:7    | Identified the +4 staff of Dispater
168723 | Dis:7    | Noticed Dispater
168743 | Dis:7    | Killed Dispater
168812 | Dis:7    | Got an iron rune of Zot
168997 | Geh:1    | Entered Level 1 of Gehenna
169543 | Geh:7    | Entered Level 7 of Gehenna
170746 | Geh:7    | Noticed the Serpent of Hell
171157 | Geh:7    | Killed the Serpent of Hell
171231 | Geh:7    | Identified the +7 sceptre of Asmodeus
171231 | Geh:7    | Noticed Asmodeus
171262 | Geh:7    | Killed Asmodeus
171262 | Geh:7    | Reached skill level 27 in Invocations
171316 | Geh:7    | Acquired the ring of the Leaf {*Slow rPois rC++ Slay+4
                  | Stlth+}
171331 | Geh:7    | Got an obsidian rune of Zot
171553 | Coc:1    | Entered Level 1 of Cocytus
172031 | Coc:7    | Entered Level 7 of Cocytus
172711 | Coc:7    | Identified the cursed +2 mace of Pain and Death {venom,
                  | Fragile rPois rF+++ rC-}
172711 | Coc:7    | Noticed Antaeus
172733 | Coc:7    | Killed Antaeus
172758 | Coc:7    | Got an icy rune of Zot
172794 | Coc:7    | Identified Irchohet's Catalogue of Earthen Fire
172797 | Coc:7    | Got a twitching jade amulet
172798 | Coc:7    | Identified the amulet "Woifiv" {Acrobat +Inv Int+3} (You
                  | found it on level 7 of Cocytus)
173371 | Spider:1 | Entered Level 1 of the Spider Nest
173401 | Spider:1 | Acquired 740 gold pieces
174432 | Spider:2 | Found a runed translucent door.
174432 | Spider:2 | Noticed Puplesowi's ghost (journeyman FeEn)
174439 | Spider:2 | Killed Puplesowi's ghost
175109 | Spider:3 | Reached skill level 27 in Dodging
175356 | Spider:4 | Entered Level 4 of the Spider Nest
175378 | Spider:4 | Noticed Arachne
175424 | Spider:4 | Killed Arachne
176157 | Spider:4 | Got a gossamer rune of Zot
176797 | Vaults:5 | Entered Level 5 of the Vaults
176797 | Vaults:5 | Noticed an ancient lich
177064 | Vaults:5 | Found Mija's Armour Shop.
177209 | Vaults:5 | Found Locob's Armour Shoppe.
177261 | Vaults:5 | Reached skill level 27 in Throwing
177272 | Vaults:5 | Reached skill level 1 in Evocations
177324 | Vaults:5 | Identified the ring of Vanity {rElec MP+9}
177384 | Vaults:5 | Reached skill level 5 in Evocations
177393 | Vaults:5 | Identified the amulet of Suheotab {+Blink rN++ MR+ Regen+
                  | Str-3}
177443 | Vaults:5 | Identified the +4 robe of Arheblaxo {MR+}
177523 | Vaults:5 | Identified the +3 flail of Calamity {distort, Dex+2}
177747 | Vaults:5 | Identified the +9 lajatang "Azaso" {holy, rElec rF- rN+
                  | Str+3}
177835 | Vaults:5 | Killed an ancient lich
177893 | Vaults:5 | Identified the Compendium of Dark Execration
177896 | Vaults:5 | Identified the Incunabulum of the Mice
177913 | Vaults:5 | Reached skill level 10 in Evocations
177994 | Vaults:5 | Identified the Grimoire of Feathery Calling
177997 | Vaults:5 | Got a silver rune of Zot
178635 | Tomb:1   | Entered Level 1 of the Tomb of the Ancients
179075 | Tomb:1   | Noticed Boris
179082 | Tomb:1   | Killed Boris
179338 | Tomb:1   | Noticed a greater mummy
179347 | Tomb:1   | Killed a greater mummy
179405 | Tomb:1   | Identified the +7 mace "Yjos" {flame, rF++}
179693 | Tomb:2   | Noticed an ancient lich
179696 | Tomb:2   | Noticed a greater mummy
179697 | Tomb:2   | Noticed a greater mummy
179698 | Tomb:2   | Noticed an ancient lich
179703 | Tomb:2   | Noticed a greater mummy
179711 | Tomb:2   | HP: 6/199 [smoke demon/divine providence[a mummy priest]
                  | (13)]
179718 | Tomb:2   | Killed a greater mummy
179723 | Tomb:2   | Killed an ancient lich
179725 | Tomb:2   | Killed an ancient lich
179736 | Tomb:2   | Killed a greater mummy
179736 | Tomb:2   | Reached skill level 15 in Evocations
179739 | Tomb:2   | Killed a greater mummy
180653 | Zot:1    | Entered Level 1 of the Realm of Zot
181926 | Zot:3    | Noticed an ancient lich
181936 | Zot:3    | Killed an ancient lich
182417 | Zot:2    | Noticed an orb of fire
182418 | Zot:2    | Gained mutation: [You are occasionally teleported next to
                  | monsters.] [an orb of fire]
182435 | Zot:2    | Gained mutation: Your spells are easier to cast, but less
                  | powerful. [an orb of fire]
182437 | Zot:2    | Gained mutation: You expend magic power (3 MP) to
                  | strengthen your wands. [an orb of fire]
182438 | Zot:2    | Killed an orb of fire
182439 | Zot:2    | Lost mutation: Your spells are easier to cast, but less
                  | powerful. [potion of mutation]
182439 | Zot:2    | Lost mutation: You possess an exceptional clarity of mind.
                  | [potion of mutation]
182439 | Zot:2    | Lost mutation: Armour fits poorly on your strangely shaped
                  | body. [potion of mutation]
182439 | Zot:2    | Gained mutation: You passively map a small area around you.
                  | [potion of mutation]
182439 | Zot:2    | Gained mutation: You are agile. (Dex +2) [potion of
                  | mutation]
182440 | Zot:2    | Lost mutation: You are agile. (Dex +2) [potion of mutation]
182440 | Zot:2    | Lost mutation: You expend magic power (3 MP) to strengthen
                  | your wands. [potion of mutation]
182440 | Zot:2    | Gained mutation: Your flesh is cold resistant. (rC+)
                  | [potion of mutation]
182440 | Zot:2    | Gained mutation: You expend magic power (3 MP) to
                  | strengthen your wands. [potion of mutation]
182440 | Zot:2    | Gained mutation: You are partially covered in large bone
                  | plates. (SH +4) [potion of mutation]
182441 | Zot:2    | Lost mutation: Your flesh is cold resistant. (rC+) [potion
                  | of mutation]
182441 | Zot:2    | Lost mutation: Your spells are a little easier to cast, but
                  | a little less powerful. [potion of mutation]
182441 | Zot:2    | Lost mutation: You expend magic power (3 MP) to strengthen
                  | your wands. [potion of mutation]
182441 | Zot:2    | Gained mutation: Armour fits poorly on your strangely
                  | shaped body. [potion of mutation]
182441 | Zot:2    | Gained mutation: Your flesh is heat resistant. (rF+)
                  | [potion of mutation]
182442 | Zot:2    | Lost mutation: You passively map a small area around you.
                  | [potion of mutation]
182442 | Zot:2    | Lost mutation: You are partially covered in large bone
                  | plates. (SH +4) [potion of mutation]
182442 | Zot:2    | Lost mutation: Armour fits poorly on your strangely shaped
                  | body. [potion of mutation]
182442 | Zot:2    | Gained mutation: Scrolls take you a little longer to read.
                  | [potion of mutation]
182442 | Zot:2    | Gained mutation: You are surrounded by a mild repulsion
                  | field. (EV +2) [potion of mutation]
182443 | Zot:2    | Lost mutation: You are surrounded by a mild repulsion
                  | field. (EV +2) [potion of mutation]
182443 | Zot:2    | Lost mutation: Scrolls take you a little longer to read.
                  | [potion of mutation]
182443 | Zot:2    | Lost mutation: [You are occasionally teleported next to
                  | monsters.] [potion of mutation]
182443 | Zot:2    | Gained mutation: Your magical capacity is low. (-10% MP)
                  | [potion of mutation]
182443 | Zot:2    | Gained mutation: You are robust. (+10% HP) [potion of
                  | mutation]
184090 | Zot:5    | Entered Level 5 of the Realm of Zot
184163 | Zot:4    | Noticed an orb of fire
184179 | Zot:4    | Gained mutation: Armour fits poorly on your strangely
                  | shaped body. [an orb of fire]
184182 | Zot:4    | Killed an orb of fire
184744 | Zot:5    | Found a huge runed gate.
184744 | Zot:5    | Found a huge runed gate.
184744 | Zot:5    | Found a huge runed gate.
184744 | Zot:5    | Found a huge runed gate.
184744 | Zot:5    | Found a huge runed gate.
184744 | Zot:5    | Found a huge runed gate.
184744 | Zot:5    | Found a huge runed gate.
186561 | Pan      | Entered Pandemonium
186655 | Pan      | Noticed Tiruisun the pandemonium lord
186677 | Pan      | Killed Tiruisun the pandemonium lord
186719 | Pan      | Noticed Loorat the pandemonium lord
186744 | Pan      | Killed Loorat the pandemonium lord
186892 | Pan      | Identified the cursed +0 tower shield of Azolul {rElec rC+
                  | Stlth+}
186892 | Pan      | Noticed Mennas
186935 | Pan      | Killed Mennas
187334 | Pan      | Gained mutation: Scrolls take you a little longer to read.
                  | [a cacodemon]
187346 | Pan      | Identified the +8 tower shield of the Hare {rN+ Dex+5}
187366 | Pan      | Noticed Godduato the pandemonium lord
187389 | Pan      | Killed Godduato the pandemonium lord
187390 | Pan      | Lost mutation: You are robust. (+10% HP) [a neqoxec]
187427 | Pan      | Gained mutation: Your body sometimes deteriorates upon
                  | taking damage. [a cacodemon]
187511 | Pan      | Got a demonic rune of Zot
187604 | Pan      | Noticed Fomatzeo the pandemonium lord
187624 | Pan      | Killed Fomatzeo the pandemonium lord
188022 | Pan      | Found an exit through the horrors of the Abyss.
188064 | Pan      | Got a flickering golden ring
188067 | Pan      | Identified the ring of Ymnos {rPois MR- MP+9 Dex+8} (You
                  | found it in Pandemonium)
188570 | Depths:3 | Escaped Pandemonium
188579 | Pan      | Entered Pandemonium
188622 | Pan      | Found an exit through the horrors of the Abyss.
188641 | Pan      | Gained mutation: You are clumsy. (Dex -2) [a cacodemon]
189135 | Pan      | Noticed Vateryc the pandemonium lord
189168 | Pan      | Killed Vateryc the pandemonium lord
189648 | Pan      | Gained mutation: [You are occasionally teleported next to
                  | monsters.] [a cacodemon]
189674 | Pan      | Noticed Qinosum the pandemonium lord
189700 | Pan      | Killed Qinosum the pandemonium lord
189826 | Pan      | Got a smoking marble ring
189829 | Pan      | Identified the ring "Citeluzi" {Ice MR+ MP-9 Str+3} (You
                  | found it in Pandemonium)
189901 | Pan      | Noticed Huucut Xufa the pandemonium lord
189912 | Pan      | Killed Huucut Xufa the pandemonium lord
189965 | Pan      | Found an exit through the horrors of the Abyss.
190017 | Pan      | Noticed Bimear the pandemonium lord
190033 | Pan      | Killed Bimear the pandemonium lord
190533 | Pan      | Noticed Juroaptetiwk the pandemonium lord
190680 | Pan      | Entered the realm of Cerebov.
190708 | Pan      | Got a translucent plate armour
190711 | Pan      | Identified the +2 plate armour "Inaquon" {Str-2 Dex+5} (You
                  | found it in Pandemonium)
190887 | Pan      | Reached skill level 27 in Evocations
190889 | Pan      | Identified the +8 short sword of Calculation {vorpal, rPois
                  | Str+3}
190892 | Pan      | Reached skill level 1 in Unarmed Combat
190894 | Pan      | Reached skill level 1 in Spellcasting
190985 | Pan      | Got a jewelled arbalest
190987 | Pan      | Got a polished arbalest
191124 | Pan      | Got a bronze plate armour
191127 | Pan      | Identified the +7 plate armour "Alinn" {MP+9 Int+3} (You
                  | found it in Pandemonium)
191186 | Pan      | Identified the +6 sword of Cerebov {flame}
191186 | Pan      | Noticed Cerebov
191293 | Pan      | Killed Cerebov
191293 | Pan      | Reached skill level 5 in Unarmed Combat
191293 | Pan      | Reached skill level 5 in Spellcasting
191306 | Pan      | Got a fiery rune of Zot
191812 | Pan      | Found a huge runed translucent gate.
191812 | Pan      | Found a huge runed translucent gate.
191813 | Pan      | Found a huge runed translucent gate.
191814 | Pan      | Found a huge runed translucent gate.
191815 | Pan      | Found a huge runed translucent gate.
191816 | Pan      | Found a huge runed translucent gate.
191817 | Pan      | Found a huge runed translucent gate.
192246 | Pan      | Entered the realm of Gloorx Vloq.
192596 | Pan      | Reached skill level 10 in Spellcasting
192646 | Pan      | Noticed Gloorx Vloq
192664 | Pan      | Killed Gloorx Vloq
192678 | Pan      | Got a dark rune of Zot
192953 | Pan      | Found an exit through the horrors of the Abyss.
193035 | Pan      | Noticed Taet the pandemonium lord
193044 | Pan      | Killed Taet the pandemonium lord
193220 | Pan      | Found an exit through the horrors of the Abyss.
193257 | Pan      | Entered the realm of Lom Lobon.
193705 | Pan      | Paralysed by a lich for 5 turns
193935 | Pan      | Reached skill level 15 in Spellcasting
193994 | Pan      | Noticed Lom Lobon
194016 | Pan      | Killed Lom Lobon
194073 | Pan      | Got a magical rune of Zot
194157 | Pan      | Found an exit through the horrors of the Abyss.
194174 | Pan      | Entered the realm of Mnoleg.
194185 | Pan      | Found an exit through the horrors of the Abyss.
194315 | Pan      | Gained mutation: Your magical capacity is very low. (-20%
                  | MP) [a neqoxec]
194330 | Pan      | Gained mutation: [You tend to lose your temper in combat.]
                  | [a cacodemon]
194511 | Pan      | Gained mutation: [You are frail. (-10% HP)] [a neqoxec]
194551 | Pan      | Gained mutation: Your magical capacity is extremely low.
                  | (-30% MP) [a neqoxec]
194629 | Pan      | Gained mutation: Scrolls take you longer to read. [a
                  | cacodemon]
194642 | Pan      | Gained mutation: Scrolls take you much longer to read. [a
                  | cacodemon]
194648 | Pan      | Noticed Mnoleg
194665 | Pan      | Paralysed by a floating eye for 4 turns
194674 | Pan      | Killed Mnoleg
194696 | Pan      | Gained mutation: [You are dopey. (Int -2)] [a neqoxec]
194742 | Pan      | Got a glowing rune of Zot
194813 | Pan      | Took an exit into the Abyss.
194813 | Abyss:1  | Escaped into the Abyss
194876 | Abyss:1  | Gained mutation: [Potions are less effective at restoring
                  | your health.] [a neqoxec]
194878 | Abyss:1  | Gained mutation: Your body often deteriorates upon taking
                  | damage. [a neqoxec]
194887 | Abyss:1  | Paralysed by accursed screaming for 1 turns
195062 | Depths:3 | Escaped the Abyss
197662 | Depths:4 | Voluntarily entered the Abyss.
197864 | Abyss:3  | Acquired the +0 pair of gloves "Soolo" {MR+ Int+2}
198162 | Abyss:3  | Found a transporter.
198165 | Abyss:3  | Found a transporter.
198166 | Abyss:3  | Found a corrupted altar of Lugonu.
198235 | Abyss:3  | Found a transporter.
198279 | Abyss:3  | Found a transporter.
198281 | Abyss:3  | Found a transporter.
198294 | Abyss:3  | Found a transporter.
198306 | Abyss:3  | Paralysed by accursed screaming for 2 turns
198320 | Abyss:3  | HP: 1/159 [starcursed mass/accursed screaming (19)]
198320 | Abyss:3  | Paralysed by accursed screaming for 2 turns
198321 | Abyss:3  | Slain by a tentacled monstrosity

Illustrated notes

Levels and vault maps discovered:
D:1:      roderic_crop_circles_arrival_small, layout_rooms, minivault_19,
          minmay_gold_behind_fungi
D:2:      layout_rooms, kiku_gazebo_pond_becter, grunt_ministairs_8,
          uniq_sigmund
D:3:      layout_basic, lemuel_crystal_altar, led_sif_book
D:4:      layout_basic, portal_sewer_entry_f
D:5:      minmay_evil_eye, layout_basic, zin_academy,
          lemuel_coloured_pillars_altar, uniq_pikel
D:6:      cheibrodos_quashed, layout_cave_pools, tgw_fedhas,
          minmay_misc_feat_enclosed, kennysheep_another_room,
          hangedman_minor_gate_pass, uniq_menkaure
D:7:      kennysheep_kobold_camp, layout_basic, kennysheep_mini_moat,
          minmay_temple_entry_grid, nemelex_xobeh_ov_fountains_minmay,
          uniq_maggie
D:8:      layout_gridville, grunt_gozag_breadcrumbs, overflow_temple_1_default,
          serial_shops, kennysheep_mini, uniq_harold
D:9:      layout_stronghold, tso_oasis_becter, nicolae_overflow_hidden_temple,
          elyvilon_altar_5, david_orc_2, grunt_dithmenos_smoke, uniq_grum
D:10:     layout_layer_cave, lair_entry_dummy
D:11:     layout_long_grid, portal_ice_cave_rime, basic_altar, serial_shops,
          nicolae_shop_statue_plus, uniq_psyche
D:12:     layout_gridville, dk_noncrumbling_3
D:13:     layout_roguey [special_room_bee], ximxim_vaults_locker_room
D:14:     layout_irregular_city, small_statue_intersection, basic_altar,
          serial_shops, shop, minmay_mirror_moons_of_madness
D:15:     grunt_enter_depths_magical_seal, layout_basic, abandoned_shop,
          grunt_ministairs_5, uniq_azrael, uniq_kirke
Temple:   cyrus_temple_forest
Lair:1:   layout_roguey, lemuel_fruit_fields
Lair:2:   layout_regular_city
Lair:3:   layout_loops_ring, minmay_swamp_entry_worms, uniq_fannar, uniq_rupert
Lair:4:   layout_cave_pods, spider_nest_entry_a
Lair:5:   layout_gridlike, bobbens_dragon_lair_wall, grunt_megastairs_1,
          infiniplex_staircase_pool
Lair:6:   hangedman_lair_caniforms_friends, layout_hall_layers,
          hangedman_lair_tendril_chambers, slime_altar_2, special_room
          [special_room_mythical_zoo]
Swamp:1:  layout_falls_marsh, hangedman_swamp_ruin_hall, swamp_pool1,
          nicolae_swamp_alligator_family
Swamp:2:  layout_basic_swamp, serial_swamp_ruin, evilmike_swamp_ruin_rubble_1,
          evilmike_swamp_ruin_wall, evilmike_swamp_ruin_house_3,
          grunt_hermit_hut
Swamp:3:  layout_falls_marsh, evilmike_swamp_ruin_house_5, uniq_donald
Swamp:4:  swamp_basic_johnstein, layout_basic_swamp, uniq_mara
Spider:1: layout_spider_delve
Spider:2: layout_spider_delve, ebering_ghost_inner_flame, worms_lemuel
Spider:3: layout_spider_delve, nicolae_spider_webbed_stairs
Spider:4: guppyfry_spider_rune, special_room, uniq_arachne
Orc:1:    layout_caves
Orc:2:    kennysheep_orc_mage_school, layout_diamond_mine, uniq_jorgrun
Elf:1:    eino_elf_arrival_sip, layout_onion_city, kennysheep_underground_church
Elf:2:    layout_onion_city
Elf:3:    minmay_elf_hall_x, layout_loops_corners, st_stairs_10
Vaults:1: vaults_room_stairs_pillars, vaults_mumra_hexcomb, serial_ice_g,
          vaults_room_pools, v_misc_31, nicolae_vaults_circle_grid_a, v_misc_23,
          v_pattern_1, nicolae_vaults_little_squares_2,
          ontoclasm_vaults_loading_screen, vaults_room_grid,
          layout_vaults_omnicross, serial_shops, nicolae_shop_waterfront,
          shop_statue, nicolae_shop_trees
Vaults:2: minmay_crypt_entry_necro_gods, vaults_room_fancy_cross,
          hangedman_vaults_capsules, ontoclasm_vaults_spin,
          nicolae_vaults_specimen_jars, vaults_standard_mumra_lines,
          ontoclasm_vaults_gateway, vaults_room_semicircle,
          vaults_room_hangedman_quadrants, v_misc_22, hangedman_vaults_cutoff,
          vaults_dpeg_diagonal, ontoclasm_vaults_ligature,
          ontoclasm_vaults_idyll, nicolae_vaults_mini_display_case,
          layout_vaults_big_room, serial_shops, shop_statue
Vaults:3: vaults_room_mumra_shop_pool, vaults_mumra_minichess_inversion,
          nicolae_vaults_alarming, nicolae_vaults_yaktaur_gun_rack,
          vaults_room_ringed_pool, grunt_vaults_funnel, v_misc_19,
          hangedman_vaults_hat, vaults_room_stairs_pillars, st_octagons_2,
          nicolae_vaults_asterisk, v_misc_16, vaults_room_door_ring,
          layout_vaults_ring, serial_shops, shop
Vaults:4: hangedman_vaults_slice, v_rooms_6, nicolae_vaults_little_squares_3,
          v_misc_12, v_misc_25, st_lines, ontoclasm_vaults_twist,
          vaults_room_grid, vaults_mumra_chevron_long,
          nicolae_vaults_circle_grid_b, layout_vaults_omnibox, uniq_xtahua
Vaults:5
Crypt:1:  layout_rooms, grunt_megastairs_3, grunt_crypt_arrival_split
Crypt:2:  layout_basic, uniq_frederick
Crypt:3:  church_of_pain_bobbens, layout_chaotic_city,
          nicolae_tomb_entry_unfolded_pyramid_diagonal, st_stairs_10,
          serial_sigils_hangedman_snap, minigarden_bobbens
Tomb:1:   uniq_boris
Tomb:2
Depths:1: layout_cave_pools, kennysheep_big_empty_room,
          hangedman_tar_grid_catacomb, chequers_serial_rivers_small_3,
          grunt_tough_drop
Depths:2: minmay_broken_ring, layout_gridlike, enter_ziggurat_e,
          hangedman_coc_ice_floe, minmay_misc_feat_square, minmay_shoptagon,
          minmay_staircase_statues
Depths:3: minmay_the_grid_octo_tiled_octocenter [minmay_the_grid_octo_odd_swirl,
          minmay_the_grid_octo_pinwheel, minmay_the_grid_octo_focus,
          minmay_the_grid_octo_clover, minmay_the_grid_octo_prize_big_c,
          minmay_the_grid_square_5x5_detours, minmay_the_grid_square_5x5_z,
          minmay_the_grid_square_5x5_two_small,
          minmay_the_grid_square_5x5_checkered_statues], layout_basic,
          serial_bayou_shore_b, hell_entry, rand_demon_pan_entry_5,
          ebering_dispersal_statue_hall, firewood_loft
Depths:4: kennysheep_ogre_elephant_herders, layout_basic,
          minmay_misc_feat_nine_boxes, hell_entry, abyss_entry,
          kennysheep_treasure_room
Depths:5: evilmike_zot_entry_round, layout_basic, abyss_entry_small_statue_room,
          lemuel_crystal_altar, hell_entry, nicolae_trove_entry_crossroad,
          minmay_shop_grove, uniq_sojobo, uniq_enchantress, uniq_margery
Hell
Dis:1:    layout_regular_city
Dis:2:    layout_jigsaw, hangedman_dis_decor_tower
Dis:3:    layout_regular_city, grunt_megastairs_4
Dis:4:    layout_gridville
Dis:5:    layout_gridville
Dis:6:    layout_gridville, hangedman_dis_decor_blocks_mantle
Dis:7:    iron_city_of_dis [dis_grunt, dis_wall_4], layout_chaotic_city
Geh:1:    layout_gehenna_pools_basic
Geh:2:    layout_gehenna_lava_caves, nicolae_geh_single_fiery_grave
Geh:3:    layout_gehenna_pools_box, hangedman_hellfire_club
Geh:4:    layout_gehenna_pools_box
Geh:5:    layout_gehenna_lava_caves
Geh:6:    layout_gehenna_pools_box
Geh:7:    evilmike_geh
Coc:1:    layout_ice_bergs
Coc:2:    layout_ice_bergs
Coc:3:    layout_cocytus_water_paths
Coc:4:    layout_ice_bergs
Coc:5:    layout_ice_bergs
Coc:6:    layout_ice_bergs
Coc:7:    coc_old
Tar:1:    layout_grid_maze, nicolae_tar_cuneiform_not,
          nicolae_tar_cuneiform_heaven
Tar:2:    layout_catacombs
Tar:3:    layout_cathedral_of_symmetry
Tar:4:    layout_honeycomb
Tar:5:    grunt_deathspiral_small, layout_cathedral_of_symmetry
Tar:6:    layout_grid_maze, nicolae_tar_cuneiform_three
Tar:7:    tar_grunt_cathedral
Zot:1:    minmay_elemental_castle, layout_misc_corridors
Zot:2:    layout_basic
Zot:3:    ebering_klown_carousel, layout_concentric_octagons
Zot:4:    layout_twisted_circle
Zot:5:    layout_misc_corridors, door_vault
Abyss:3:  base: Coc:7, dshaligram_kb_abyss_rune_zappy_water_cross,
          hangedman_abyss_rune_flesh_and_stone,
          hangedman_abyss_rune_flesh_and_stone, hangedman_elemental_corridor,
          evilmike_abyss_exit_5, gammafunk_corrupted_shrine,
          evilmike_abyss_rune_ettins

Skill      XL: |  1  2  3  4  5  6  7  8  9 10 11 12 13 14 15 16 17 18 19 20 21 22 23 24 25 26 27 |
---------------+----------------------------------------------------------------------------------+-----
Throwing       | 2 3 4 27 | 27.0
Fighting       | 3 4 5 6 8 9 10 11 12 13 14 15 16 17 18 19 20 21 22 23 27 | 27.0
Maces & Flails | 4 5 6 7 8 10 11 12 13 14 15 16 17 18 19 20 21 22 27 | 27.0
Armour         | 1 3 4 6 8 9 11 12 13 14 15 16 17 18 19 20 21 22 23 27 | 27.0
Shields        | 1 3 4 6 8 9 11 12 13 14 15 16 17 18 19 20 21 22 23 27 | 27.0
Invocations    | 4 7 27 | 27.0
Dodging        | 27 | 27.0
Evocations     | 27 | 27.0
Unarmed Combat | 8 |  8.0
Spellcasting   | 19 | 19.6

Action                   |  1- 3 |  4- 6 |  7- 9 | 10-12 | 13-15 | 16-18 | 19-21 | 22-24 | 25-27 || total
-------------------------+-------+-------+-------+-------+-------+-------+-------+-------+-------++-------
Melee: Flail             |   101 |   241 |   143 |       |       |       |       |       |       ||   485
       Morningstar       |       |       |    11 |     8 |       |       |       |       |       ||    19
       Whip              |       |       |   148 |       |       |       |       |       |       ||   148
       Mace              |       |       |   152 |   816 |  1124 |  1181 |    82 |       |       ||  3355
       Demon whip        |       |       |       |       |   629 |   592 |    97 |       |       ||  1318
       Spear             |       |       |       |       |    23 |    20 |       |       |       ||    43
       Unarmed           |       |       |       |       |       |     5 |       |       |       ||     5
       Eveningstar       |       |       |       |       |       |     3 |  1372 |  1553 | 19120 || 22048
Throw: Throwing net      |     1 |       |       |       |       |       |       |       |       ||     1
       Javelin           |       |       |       |       |       |       |       |       |     3 ||     3
Invok: Heroism           |       |       |       |     3 |     2 |     6 |     3 |     6 |     9 ||    29
       Finesse           |       |       |       |       |       |     1 |     2 |     3 |     5 ||    11
       Divine Shield     |       |       |       |       |       |       |       |       |   171 ||   171
       Summon Divine War |       |       |       |       |       |       |       |       |    26 ||    26
       Cleansing Flame   |       |       |       |       |       |       |       |       |    17 ||    17
       Brand Weapon With |       |       |       |       |       |       |       |       |     1 ||     1
 Abil: Fly               |       |       |       |       |     1 |       |       |     1 |     9 ||    11
       Stop Flying       |       |       |       |       |       |       |       |     1 |     9 ||    10
Evoke: Wand              |       |       |       |       |       |     1 |       |       |     3 ||     4
  Use: Scroll            |       |     3 |       |     4 |    15 |    15 |     7 |    10 |    36 ||    90
       Potion            |       |       |       |     1 |     1 |     4 |     2 |     1 |    30 ||    39
 Stab: Held in net/web   |     1 |       |       |       |       |       |       |       |       ||     1
       Sleeping          |     1 |       |       |       |       |       |       |       |       ||     1
       Petrified         |       |       |       |       |       |     2 |       |       |       ||     2
       Distracted        |       |       |       |       |       |     1 |     1 |       |       ||     2
       Confused          |       |       |       |       |       |       |     1 |       |       ||     1
Armor: Leather armour    |    62 |    10 |       |       |       |       |       |       |       ||    72
       Ring mail         |       |    43 |       |       |       |       |       |       |       ||    43
       Scale mail        |       |    89 |   185 |   292 |   203 |       |       |       |       ||   769
       Plate armour      |       |       |       |       |   119 |       |   675 |   108 |       ||   902
       Fire dragon scale |       |       |       |       |   256 |   427 |    95 |       |       ||   778
       Gold dragon scale |       |       |       |       |       |       |       |   388 |  6183 ||  6571
Dodge: Dodged            |    82 |   130 |   100 |   147 |   263 |   218 |   363 |   174 |  5731 ||  7208
Block: Buckler           |       |    35 |    25 |       |       |       |       |       |       ||    60
       Tower shield      |       |       |   264 |   956 |  1902 |  1652 |   435 |  1418 |  5469 || 12096
       Reflection        |       |       |       |    25 |    18 |   158 |    89 |   124 |   217 ||   631
       Other             |       |       |       |       |       |     2 |       |       |       ||     2
       Kite shield       |       |       |       |       |       |       |   768 |   123 | 16796 || 17687

Table legend: (Time is in decaauts) A = Elapsed time spent in this place. B = Non-inter-level travel time spent in this place. C = Inter-level travel time spent in this place. D = Time resting spent in this place. E = Time spent auto-exploring this place. F = Levels seen in this place. G = Mean time per level. A B C D E F G +--------+--------+--------+--------+--------+-----+--------+ Total | 191638 | 177329 | 14309 | 98636 | 30248 | 114 | 1681.0 | Dungeon | 21860 | 16891 | 4969 | 3413 | 8219 | 15 | 1457.3 | Temple | 119 | 88 | 31 | 0 | 21 | 1 | 119.0 | Lair | 11630 | 9866 | 1764 | 3145 | 3348 | 6 | 1938.3 | Swamp | 5441 | 5071 | 370 | 1694 | 1866 | 4 | 1360.2 | Spider Nest | 2873 | 2635 | 238 | 2 | 1761 | 4 | 718.2 | Orcish Mines | 3541 | 3061 | 480 | 1426 | 618 | 2 | 1770.5 | Elven Halls | 8865 | 8122 | 743 | 3849 | 1836 | 3 | 2955.0 | Vaults | 8763 | 7279 | 1484 | 1317 | 3216 | 5 | 1752.6 | Crypt | 4876 | 4206 | 670 | 1151 | 1444 | 3 | 1625.3 | Tomb | 1574 | 1428 | 146 | 357 | 471 | 2 | 787.0 | Depths | 13599 | 11787 | 1812 | 6179 | 2163 | 5 | 2719.8 | Hell | 6872 | 6467 | 405 | 4993 | 251 | 1 | 6872.0 | Dis | 1425 | 1222 | 203 | 99 | 37 | 7 | 203.6 | Gehenna | 2321 | 1968 | 353 | 126 | 71 | 7 | 331.6 | Cocytus | 1369 | 1226 | 143 | 189 | 41 | 7 | 195.6 | Tartarus | 81155 | 80968 | 187 | 68294 | 1095 | 7 | 11593.6 | Zot | 4314 | 4008 | 306 | 591 | 2063 | 5 | 862.8 | Abyss | 2107 | 2107 | 0 | 793 | 23 | 6 | 351.2 | Pandemonium | 7584 | 7584 | 0 | 630 | 1396 | 22 | 344.7 | Sewer | 282 | 282 | 0 | 69 | 106 | 1 | 282.0 | Ice Cave | 1058 | 1058 | 0 | 314 | 200 | 1 | 1058.0 | +--------+--------+--------+--------+--------+-----+--------+
